[Event "Titled Tuesday Blitz April 25 Early 2023"]
[White "ArrestingPieces"]
[Black "Tokman, Ariel"]
[BlackFideId "117420"]
[WhiteElo "2354"]
[BlackElo "2263"]
[Result "0-1"]
[Round "07"]
[TimeControl "180+2"]
[Date "2023.04.25"]
[WhiteClock "0:00:31"]
[BlackClock "0:00:12"]

1. e4 e6 2. d4 d5 3. exd5 exd5 4. Nf3 Nf6 5. Bd3 c6 6. O-O Be7 7. Re1 O-O 8. h3 Re8 9. Bg5 Nbd7 10. c3 Nf8 11. Nbd2 Ne6 12. Bh4 Nf4 13. Bf1 Bf5 14. Ne5 Ng6 15. g4 Be6 16. Bg3 Nd7 17. f4 Ngxe5 18. dxe5 f5 19. g5 Qb6+ 20. Bf2 Qxb2 21. Qb3 Qxb3 22. axb3 Bc5 23. b4 Bxf2+ 24. Kxf2 h6 25. h4 hxg5 26. hxg5 Kf7 27. Bd3 Rh8 28. Rh1 Rxh1 29. Rxh1 a5 30. Ra1 a4 31. b5 Nc5 32. Be2 Ne4+ 33. Nxe4 dxe4 34. Ra3 Bb3 35. Ke3 c5 36. b6 c4 37. Kd4 Ke7 38. Kc5 Kd7 39. Kb4 Kc6 40. Bh5 Kxb6 41. Bg6 e3 42. Ra1 e2 43. Re1 a3 44. e6 a2 45. e7 Bd1 46. e8=Q Rxe8 47. Bxe8 a1=Q 48. Kxc4 Qa5 49. Kd3 Qc5 50. Bh5 Qd5+ 51. Ke3 Qe4+ 52. Kd2 Qxf4+ 53. Kd3 Qg3+ 54. Kd2 Qxg5+ 55. Kd3 Qxh5 56. Rf1 exf1=Q+ 0-1


[Site "https://www.chess.com"]

[Event "Titled Tuesday Blitz April 25 Early 2023"]
[White "Prudnykova, Olga"]
[Black "Erzhanov, Arman"]
[WhiteFideId "14121093"]
[BlackFideId "4138821"]
[WhiteElo "2113"]
[BlackElo "2138"]
[Result "1-0"]
[Round "07"]
[TimeControl "180+2"]
[Date "2023.04.25"]
[WhiteClock "0:00:40"]
[BlackClock "0:00:17"]

1. e4 d6 2. d4 Nf6 3. Nc3 e5 4. Nf3 Nbd7 5. g4 g6 6. g5 Nh5 7. Be3 Bg7 8. Qd2 c6 9. O-O-O O-O 10. Be2 Qa5 11. Ne1 Nf4 12. Bxf4 exf4 13. Qxf4 c5 14. Nf3 cxd4 15. Nxd4 Ne5 16. Qe3 a6 17. f4 Nd7 18. Nb3 Qd8 19. Rxd6 Qc7 20. Rhd1 Bxc3 21. Qxc3 Qxc3 22. bxc3 Nb8 23. Na5 Nc6 24. Nxc6 bxc6 25. Bc4 Bg4 26. R1d3 Rae8 27. e5 Bf5 28. R3d4 Rc8 29. Bxa6 Rc7 30. Bc4 Rb8 31. Rd8+ Rxd8 32. Rxd8+ Kg7 33. Ra8 h6 34. h4 hxg5 35. hxg5 Be4 36. a4 c5 37. Ra6 Kf8 38. a5 Ke8 39. Rf6 Ba8 40. e6 fxe6 41. Rxe6+ Kd7 42. Rxg6 Kc8 43. Rg8+ Kb7 44. Bd5+ Ka6 45. Rxa8+ 1-0


[Site "https://www.chess.com"]

[Event "Titled Tuesday Blitz April 25 Early 2023"]
[White "Karas, Marek"]
[Black "Kuchava, Ana"]
[WhiteFideId "14928558"]
[BlackFideId "13605348"]
[WhiteElo "2233"]
[BlackElo "2001"]
[Result "1-0"]
[Round "07"]
[TimeControl "180+2"]
[Date "2023.04.25"]
[WhiteClock "0:01:23"]
[BlackClock "0:00:03"]

1. d4 d5 2. Nc3 Nf6 3. Bf4 c5 4. e3 a6 5. Nf3 Bf5 6. dxc5 e6 7. Bd3 Bxd3 8. cxd3 Bxc5 9. O-O O-O 10. e4 dxe4 11. dxe4 Nc6 12. Bg5 h6 13. Bh4 Qxd1 14. Rfxd1 Rfd8 15. e5 Rxd1+ 16. Rxd1 Ng4 17. Ne4 Ba7 18. Rd7 Ngxe5 19. Nxe5 Nxe5 20. Rxb7 Nc6 21. g4 Rb8 22. Rc7 Rb6 23. Nd6 Bb8 24. Rc8+ Kh7 25. Nc4 Rb4 26. Rxc6 1-0


[Site "https://www.chess.com"]

[Event "Titled Tuesday Blitz April 25 Early 2023"]
[White "Toncheva, Nadya"]
[Black "Torres Dominguez, David"]
[WhiteFideId "2924056"]
[BlackFideId "2220857"]
[WhiteElo "2101"]
[BlackElo "1999"]
[Result "1-0"]
[Round "07"]
[TimeControl "180+2"]
[Date "2023.04.25"]
[WhiteClock "0:00:43"]
[BlackClock "0:00:21"]

1. e4 Nc6 2. d4 e5 3. d5 Nce7 4. c4 Ng6 5. Nc3 Bc5 6. Na4 Bb4+ 7. Bd2 Bxd2+ 8. Qxd2 d6 9. Bd3 N8e7 10. Ne2 O-O 11. O-O-O a6 12. Nac3 b5 13. h4 b4 14. Nb1 a5 15. h5 Nf4 16. Nxf4 exf4 17. Qxf4 h6 18. g4 f6 19. Qg3 Qd7 20. Rdg1 Qa4 21. f4 Qxa2 22. g5 hxg5 23. fxg5 f5 24. g6 a4 25. h6 a3 26. hxg7 Qxb2+ 27. Kd1 Qxg7 28. Rh7 Qe5 29. Qxe5 dxe5 30. g7 Rf6 31. Rh8+ Kf7 32. Rf8# 1-0


[Site "https://www.chess.com"]

[Event "Titled Tuesday Blitz April 25 Early 2023"]
[White "Romkachess"]
[Black "Aung Thant Zin"]
[BlackFideId "13000063"]
[WhiteElo "2472"]
[BlackElo "2278"]
[Result "0-1"]
[Round "07"]
[TimeControl "180+2"]
[Date "2023.04.25"]
[WhiteClock "0:00:03"]
[BlackClock "0:00:45"]

1. e4 c5 2. Nf3 Nc6 3. Bb5 d6 4. O-O Bg4 5. h3 Bxf3 6. Qxf3 e6 7. Nc3 Nf6 8. d3 Be7 9. e5 dxe5 10. Bxc6+ bxc6 11. Qxc6+ Nd7 12. Qf3 O-O 13. b3 f5 14. Qc6 Rf6 15. Bg5 Rc8 16. Qa6 Nb8 17. Qxa7 Nc6 18. Qa4 Rg6 19. Bxe7 Qxe7 20. Ne2 f4 21. Qe4 Rf8 22. Kh1 f3 23. gxf3 Nd4 24. Nxd4 cxd4 25. Rg1 Rgf6 26. Rg3 Rf4 27. Qxe5 Rxf3 28. Rag1 Rxg3 29. Qxg3 Qb7+ 30. Qg2 Qf7 31. f3 g6 32. Kh2 Qf4+ 33. Qg3 Qd2+ 34. Rg2 Qe3 35. h4 Rxf3 36. Qg5 Rh3# 0-1


[Site "https://www.chess.com"]

[Event "Titled Tuesday Blitz April 25 Early 2023"]
[White "Heinemann, Josefine"]
[Black "Semenova, Alina"]
[WhiteFideId "12900460"]
[BlackFideId "24113875"]
[WhiteElo "2342"]
[BlackElo "1833"]
[Result "1/2-1/2"]
[Round "07"]
[TimeControl "180+2"]
[Date "2023.04.25"]
[WhiteClock "0:00:23"]
[BlackClock "0:00:27"]

1. e4 e6 2. d4 d5 3. e5 c5 4. c3 Qb6 5. Nf3 Nc6 6. Be2 Bd7 7. O-O Nh6 8. a3 cxd4 9. cxd4 Nf5 10. b4 Ncxd4 11. Nxd4 Qxd4 12. Qxd4 Nxd4 13. Bd3 Nb3 14. Ra2 Nxc1 15. Rxc1 Rc8 16. Rac2 Rxc2 17. Rxc2 Kd8 18. f4 Be7 19. Kf2 g6 20. Nd2 a6 21. Nf3 h6 22. Nd4 Ba4 23. Rc1 Kd7 24. Ke3 Rc8 25. Rxc8 Kxc8 26. g3 Kc7 27. h4 h5 28. Kd2 Kb6 29. Kc3 a5 30. Nb3 axb4+ 31. axb4 Bb5 32. Bb1 Bc4 33. Nd4 Ka6 34. Bc2 Bd8 35. Bb1 Bb6 36. Bc2 Bxd4+ 37. Kxd4 Kb5 38. Kc3 d4+ 39. Kxd4 Kxb4 40. Be4 Ba6 41. Bf3 b6 42. g4 hxg4 43. Bxg4 Bb5 44. h5 gxh5 45. Bxh5 Be8 46. f5 exf5 47. e6 fxe6 48. Bxe8 b5 49. Ke5 Kc4 50. Bf7 b4 51. Bxe6+ Kc3 52. Bxf5 b3 53. Be4 b2 54. Bf5 Kd2 55. Be4 Kc1 56. Bf5 b1=Q 57. Bxb1 1/2-1/2


[Site "https://www.chess.com"]

[Event "Titled Tuesday Blitz April 25 Early 2023"]
[White "wqws"]
[Black "Luong Phuong Hanh"]
[BlackFideId "12401013"]
[WhiteElo "2584"]
[BlackElo "2081"]
[Result "1-0"]
[Round "07"]
[TimeControl "180+2"]
[Date "2023.04.25"]
[WhiteClock "0:01:14"]
[BlackClock "0:00:01"]

1. e4 c5 2. Nf3 e6 3. d4 cxd4 4. Nxd4 a6 5. Bd3 Bc5 6. Nb3 Be7 7. O-O d6 8. c4 Nf6 9. Nc3 O-O 10. Qe2 Nbd7 11. Rd1 Qc7 12. h3 b6 13. Be3 Bb7 14. Rac1 Rac8 15. f3 Rfe8 16. Qf2 Qb8 17. Bf1 Ne5 18. Nd2 d5 19. cxd5 exd5 20. exd5 Nxd5 21. Nxd5 Bxd5 22. Bxa6 Rxc1 23. Rxc1 Bxa2 24. Bxb6 Bh4 25. Qd4 Bg5 26. Bc7 Qa8 27. Bb5 Bxd2 28. Qxd2 Re7 29. Qd8+ Qxd8 30. Bxd8 Re6 31. Rc8 h6 32. f4 Ng6 33. f5 Re1+ 34. Kf2 Re5 35. fxg6 fxg6 36. Bc4+ Kh7 37. Bxa2 1-0


[Site "https://www.chess.com"]

[Event "Titled Tuesday Blitz April 25 Early 2023"]
[White "Melikyan, Gnel"]
[Black "Manon-og, Ramon Jr."]
[WhiteFideId "54109990"]
[BlackFideId "5200776"]
[WhiteElo "2138"]
[BlackElo "2340"]
[Result "1-0"]
[Round "07"]
[TimeControl "180+2"]
[Date "2023.04.25"]
[WhiteClock "0:01:27"]
[BlackClock "0:00:09"]

1. a3 Nf6 2. Nc3 g6 3. e4 d6 4. Bc4 Bg7 5. Nge2 O-O 6. O-O c5 7. d4 cxd4 8. Nxd4 Nc6 9. Nxc6 bxc6 10. Re1 Nd7 11. Bb3 Nc5 12. Ba2 Rb8 13. Qf3 Be6 14. b4 Na4 15. Bd2 Nb6 16. Qd3 Qc8 17. Be3 Bxa2 18. Rxa2 Qe6 19. Bd4 Bxd4 20. Qxd4 c5 21. Qd3 Na4 22. Nd5 Nb6 23. c4 Nxd5 24. Qxd5 Qc8 25. b5 Qg4 26. h3 Qf4 27. a4 Rfc8 28. a5 e6 29. Qd3 h5 30. Rd2 Rd8 31. Red1 Qg5 32. Qg3 Qe7 33. Rxd6 Rxd6 34. Qxd6 Qb7 35. a6 Qc8 36. Qd7 Ra8 37. Qxc8+ Rxc8 38. Rd7 Ra8 39. Rc7 1-0


[Site "https://www.chess.com"]

[Event "Titled Tuesday Blitz April 25 Early 2023"]
[White "egorchess95"]
[Black "Itkis, Boris"]
[BlackFideId "1209167"]
[WhiteElo "2537"]
[BlackElo "2216"]
[Result "0-1"]
[Round "07"]
[TimeControl "180+2"]
[Date "2023.04.25"]
[WhiteClock "0:00:12"]
[BlackClock "0:00:02"]

1. e4 c5 2. c3 d5 3. exd5 Qxd5 4. d4 Nc6 5. Nf3 Bg4 6. Be2 e6 7. O-O cxd4 8. cxd4 Nf6 9. Nc3 Qd8 10. Bf4 Be7 11. Be3 O-O 12. Qd2 Rc8 13. Rac1 Nd5 14. Nxd5 Qxd5 15. Bc4 Qa5 16. a3 Bxf3 17. gxf3 Qxd2 18. Bxd2 Nxd4 19. Kg2 Rc6 20. Be3 Bf6 21. Rfd1 Nf5 22. b3 a6 23. Bd3 Nxe3+ 24. fxe3 Rfc8 25. Rxc6 Rxc6 26. Be4 Rc3 27. Bxb7 Rxb3 28. Bxa6 Rxa3 29. Bb7 Rxe3 30. Rc1 g5 31. Kf2 Rb3 32. Rc8+ Kg7 33. Be4 h5 34. Kg2 Rb4 35. Rc2 g4 36. h3 gxf3+ 37. Bxf3 Kh6 38. Ra2 Be5 39. Ra5 Rb2+ 40. Kf1 f6 41. Be2 Kg5 42. Ra4 Rb1+ 43. Kf2 Rb2 44. Kf3 Rb3+ 45. Kf2 Rxh3 46. Ra8 Rc3 47. Rh8 h4 48. Rg8+ Kf4 49. Rh8 Bd4+ 50. Kg2 Rg3+ 51. Kf1 Rg1# 0-1


[Site "https://www.chess.com"]

[Event "Titled Tuesday Blitz April 25 Early 2023"]
[White "Molenda, Marcin"]
[Black "Allahverdiyeva, Ayan"]
[WhiteFideId "1173065"]
[BlackFideId "13412590"]
[WhiteElo "2286"]
[BlackElo "1980"]
[Result "0-1"]
[Round "07"]
[TimeControl "180+2"]
[Date "2023.04.25"]
[WhiteClock "0:00:07"]
[BlackClock "0:00:24"]

1. e4 c5 2. c3 Nf6 3. e5 Nd5 4. Nf3 d6 5. Bb5+ Bd7 6. Bc4 Nb6 7. Bb3 c4 8. Bc2 Bc6 9. O-O e6 10. d4 cxd3 11. Qxd3 Bd5 12. Na3 Nc6 13. Bg5 Qc7 14. Nb5 Qd7 15. exd6 Bxd6 16. Nxd6+ Qxd6 17. Rad1 Qc5 18. Be3 Qc4 19. b3 Qxd3 20. Bxd3 Bxf3 21. gxf3 Nd5 22. Bd2 Rd8 23. Be4 f5 24. Bb1 Kf7 25. a3 Ne5 26. Kg2 Ng6 27. c4 Ndf4+ 28. Kh1 Nd3 29. Be3 Ngf4 30. Bxa7 Rd7 31. Be3 Rhd8 32. Bxd3 Nxd3 33. Kg2 Nf4+ 34. Bxf4 Rxd1 35. Be5 Rxf1 36. Kxf1 Rd3 37. b4 Rxa3 0-1


[Site "https://www.chess.com"]

[Event "Titled Tuesday Blitz April 25 Early 2023"]
[White "Sadovsky, Artem"]
[Black "mohsengabr2002"]
[WhiteFideId "4155840"]
[WhiteElo "2314"]
[BlackElo "2330"]
[Result "1-0"]
[Round "07"]
[TimeControl "180+2"]
[Date "2023.04.25"]
[WhiteClock "0:01:14"]
[BlackClock "0:01:11"]

1. Nf3 f6 2. d4 g6 3. e4 e6 4. h4 Nh6 5. h5 g5 6. e5 g4 7. Nh2 f5 8. Bf4 Nf7 9. Qd2 d6 10. Bc4 d5 11. Bb3 c5 12. c3 Nc6 13. a3 Bd7 14. Nf1 cxd4 15. cxd4 Qb6 16. Bd1 Qxd4 17. Qxd4 Nxd4 18. Nc3 Nc6 19. Nb5 O-O-O 20. Rc1 Kb8 21. Ne3 Bg7 22. Nxf5 exf5 23. e6+ Be5 24. Bxe5+ Nfxe5 25. exd7 Nd3+ 26. Kd2 Nxc1 27. Bc2 Rxd7 28. Rxc1 Rf8 29. Bd3 a6 30. Nc3 Nd4 31. Re1 f4 32. Re5 f3 33. g3 Nb3+ 34. Kc2 Nc5 35. Bf5 d4 36. Rxc5 dxc3 37. Bxd7 cxb2 38. Bxg4 Re8 39. Bxf3 Rf8 40. Rc3 1-0


[Site "https://www.chess.com"]

[Event "Titled Tuesday Blitz April 25 Early 2023"]
[White "Mogirzan, Matei-Valeriu"]
[Black "Womacka, Mathias"]
[WhiteFideId "1257455"]
[BlackFideId "4611390"]
[WhiteElo "1733"]
[BlackElo "2377"]
[Result "1-0"]
[Round "07"]
[TimeControl "180+2"]
[Date "2023.04.25"]
[WhiteClock "0:01:04"]
[BlackClock "0:00:57"]

1. e4 c5 2. Nf3 d6 3. d4 cxd4 4. Nxd4 Nf6 5. Nc3 a6 6. Bc4 e6 7. Bb3 b5 8. a3 Be7 9. g4 O-O 10. g5 Nfd7 11. h4 Bb7 12. Nxe6 fxe6 13. Bxe6+ Kh8 14. g6 Nf6 15. Nd5 Bxd5 16. exd5 Nbd7 17. b4 Ne5 18. h5 Ne4 19. h6 Nxg6 20. hxg7+ Kxg7 21. Rxh7+ Kxh7 22. Qh5+ Kg7 23. Qh6+ Kf6 24. Bb2+ 1-0


[Site "https://www.chess.com"]

[Event "Titled Tuesday Blitz April 25 Early 2023"]
[White "Chabris, Christopher"]
[Black "Ordekalog"]
[WhiteFideId "2005263"]
[WhiteElo "2313"]
[BlackElo "2480"]
[Result "1-0"]
[Round "07"]
[TimeControl "180+2"]
[Date "2023.04.25"]
[WhiteClock "0:00:10"]
[BlackClock "0:00:02"]

1. e4 d5 2. exd5 Qxd5 3. Nc3 Qa5 4. d4 Nf6 5. Nf3 Bg4 6. Bd2 c6 7. h3 Bxf3 8. Qxf3 e6 9. Ne4 Qd8 10. Nxf6+ Qxf6 11. Qxf6 gxf6 12. Bd3 Nd7 13. O-O h5 14. Rfe1 O-O-O 15. c4 Nc5 16. Bf1 Rxd4 17. Bc3 Rf4 18. g3 Rf5 19. h4 Bh6 20. Bh3 Rf3 21. Kg2 Rxc3 22. bxc3 Bd2 23. Re2 Bxc3 24. Rd1 Kc7 25. f3 f5 26. f4 Rg8 27. Kh2 Ne4 28. Rd3 Bb4 29. Bg2 Nc5 30. Rd1 a5 31. Bf3 Rh8 32. Re3 Nd7 33. Red3 Nf6 34. a3 Bc5 35. Rb3 Rg8 36. Rdb1 b6 37. Rd3 a4 38. Bd1 Ra8 39. Rb2 Ra5 40. Rbd2 Be7 41. Bxh5 Bxa3 42. Bxf7 Bb4 43. Ra2 a3 44. h5 Ng4+ 45. Kh3 Be7 46. Bxe6 Bf6 47. Kg2 Ra4 48. Rd7+ Kb8 49. Rad2 a2 50. Rf7 1-0


[Site "https://www.chess.com"]

[Event "Titled Tuesday Blitz April 25 Early 2023"]
[White "Ljukin, Sergei"]
[Black "Rodriguez Santiago, Jaime"]
[WhiteFideId "14102200"]
[BlackFideId "3100898"]
[WhiteElo "2312"]
[BlackElo "2025"]
[Result "1-0"]
[Round "07"]
[TimeControl "180+2"]
[Date "2023.04.25"]
[WhiteClock "0:00:11"]
[BlackClock "0:00:36"]

1. e4 c6 2. d4 d5 3. e5 Bf5 4. Nd2 e6 5. Nb3 c5 6. dxc5 Bxc5 7. Nxc5 Qa5+ 8. c3 Qxc5 9. Be3 Qc7 10. f4 h5 11. Nf3 Ne7 12. Be2 Nbc6 13. O-O h4 14. h3 Be4 15. Bf2 Nf5 16. Qe1 Bxf3 17. Bxf3 Nce7 18. Rc1 Ng6 19. Bg4 Nxf4 20. Bxf5 exf5 21. Bxh4 Nd3 22. Qg3 Nxc1 23. Rxc1 g6 24. Bf6 Rh5 25. Rd1 Qb6+ 26. Kh2 Qe6 27. Qf3 Rd8 28. Bxd8 Kxd8 29. Rxd5+ Ke8 30. Qd3 Kf8 31. Rd6 Qxe5+ 32. Kg1 Rh4 33. Rd5 Qe1+ 34. Kh2 Kg7 35. Rd7 Qe6 36. Qd5 Qf6 37. Rxb7 a6 38. Rc7 Re4 39. Rd7 Qg5 40. Qxf7+ 1-0


[Site "https://www.chess.com"]

[Event "Titled Tuesday Blitz April 25 Early 2023"]
[White "Mihajlovskij"]
[Black "Turzo, Attila"]
[BlackFideId "704954"]
[WhiteElo "2311"]
[BlackElo "2468"]
[Result "1/2-1/2"]
[Round "07"]
[TimeControl "180+2"]
[Date "2023.04.25"]
[WhiteClock "0:00:10"]
[BlackClock "0:00:13"]

1. e4 c5 2. Nf3 Nc6 3. d4 cxd4 4. Nxd4 g6 5. Be3 Bg7 6. c4 Nf6 7. Nc3 d6 8. Be2 O-O 9. O-O Bd7 10. f3 Nxd4 11. Bxd4 a5 12. Kh1 Bc6 13. g4 Nd7 14. Bxg7 Kxg7 15. Qd4+ Kg8 16. Rad1 Qb6 17. Qxb6 Nxb6 18. Nd5 Bxd5 19. cxd5 Na4 20. Rc1 Rfc8 21. Kg1 Nxb2 22. Bb5 a4 23. a3 Rxc1 24. Rxc1 Ra5 25. Bf1 b5 26. Rb1 Nc4 27. Bxc4 bxc4 28. Rb4 c3 29. Rb1 g5 30. Kf2 Kg7 31. Ke3 c2 32. Rc1 Rc5 33. Kd3 Kf6 34. Rxc2 Rxc2 35. Kxc2 Ke5 36. Kc3 Kf4 37. Kb4 Kxf3 38. Kxa4 Kxe4 39. Kb5 f5 40. gxf5 g4 41. a4 h5 42. a5 h4 43. a6 g3 44. hxg3 hxg3 45. a7 g2 46. a8=Q g1=Q 47. Qe8 Qc5+ 48. Ka4 Qxd5 49. Qxe7+ Kxf5 50. Qh7+ Ke5 51. Qh5+ Kd4 52. Qh8+ Qe5 53. Qh4+ Qe4 54. Qf2+ Kd3+ 55. Kb3 d5 56. Qc2+ Ke3 57. Qc1+ Kf3 58. Qf1+ Kg3 59. Qg1+ Kf4 60. Qh2+ Kf5 61. Qh5+ Ke6 62. Qe8+ Kd6 63. Qd8+ Ke5 64. Qh8+ Kf4 65. Qh4+ Ke3 66. Qe1+ Kd3 67. Qd1+ Ke3 68. Qe1+ Kf4 69. Qh4+ Kf3 70. Qh3+ Kf2 71. Qh2+ Kf1 72. Qh3+ Kg1 73. Qg3+ Qg2 74. Qxg2+ Kxg2 75. Kc3 Kf3 76. Kd4 Ke2 77. Kxd5 1/2-1/2


[Site "https://www.chess.com"]

[Event "Titled Tuesday Blitz April 25 Early 2023"]
[White "Gonzalez, Francisco Silva"]
[Black "Khoder, Akram"]
[WhiteFideId "1512285"]
[BlackFideId "5306914"]
[WhiteElo "2074"]
[BlackElo "2034"]
[Result "0-1"]
[Round "07"]
[TimeControl "180+2"]
[Date "2023.04.25"]
[WhiteClock "0:00:42"]
[BlackClock "0:01:15"]

1. d4 d5 2. c4 c6 3. Nc3 Nf6 4. e3 g6 5. Nf3 Bg7 6. h3 O-O 7. a4 Bf5 8. a5 Nbd7 9. Qb3 Qc7 10. cxd5 cxd5 11. Nxd5 Nxd5 12. Qxd5 Qc2 13. Qc4 Rfc8 14. Qxc2 Rxc2 15. b4 Rac8 16. Bd2 e5 17. a6 b6 18. dxe5 Nxe5 19. Nd4 Rb2 20. f3 Nd3+ 21. Bxd3 Bxd3 22. Rc1 Rxc1+ 23. Bxc1 Rxb4 24. Kd2 Bxa6 25. Kc3 Rc4+ 26. Kb3 Bxd4 27. exd4 Rxd4 28. Bh6 f6 29. Rc1 Rd7 30. Rc6 Kf7 31. h4 Bb7 32. Rc3 Bd5+ 33. Kb4 Ke6 34. g4 Ke5 35. Kb5 Kd4 36. Ra3 Bc4+ 37. Kc6 Re7 38. Bf8 Re6+ 39. Kd7 a5 40. Bd6 Re3 41. f4 Rxa3 42. Bxa3 b5 43. Ke7 Ke4 44. Bd6 f5 45. g5 b4 46. Kf8 b3 47. Ba3 Kxf4 48. Kg7 Be2 49. Kxh7 Bh5 50. Kg7 Kg4 51. Kf6 Kxh4 52. Bc1 Kg3 53. Ke5 Kf3 54. Kd4 Ke2 55. Kc3 Kd1 56. Bf4 a4 57. Kb2 Bf3 58. Be5 Bc6 59. Bf4 Ke2 60. Kc3 Kf3 61. Bd2 f4 62. Kd3 Kg3 63. Ke2 f3+ 64. Ke3 f2 65. Be1 fxe1=Q+ 66. Kd3 b2 67. Kc2 b1=Q# 0-1


[Site "https://www.chess.com"]

[Event "Titled Tuesday Blitz April 25 Early 2023"]
[White "Sliwicki, Damian"]
[Black "sebastianmarinp"]
[WhiteFideId "1127128"]
[WhiteElo "2030"]
[BlackElo "2306"]
[Result "0-1"]
[Round "07"]
[TimeControl "180+2"]
[Date "2023.04.25"]
[WhiteClock "0:00:02"]
[BlackClock "0:00:26"]

1. e4 e5 2. Nf3 Nc6 3. d4 exd4 4. Bc4 Nf6 5. O-O Nxe4 6. Re1 d5 7. Bxd5 Qxd5 8. Nc3 Qd8 9. Rxe4+ Be7 10. Nxd4 O-O 11. Nxc6 bxc6 12. Qxd8 Bxd8 13. Be3 Be6 14. Bc5 Re8 15. Rd1 Bf6 16. Bd4 Be7 17. b3 Red8 18. Be5 Rxd1+ 19. Nxd1 Rd8 20. Ne3 Bd6 21. Bc3 Bc5 22. h3 h6 23. g4 Bd5 24. Ra4 Bf3 25. Nf5 g6 26. Nxh6+ Kf8 27. Nxf7 Rd1+ 28. Kh2 Bxf2 29. Bb4+ c5 30. Be1 Rxe1 0-1


[Site "https://www.chess.com"]

[Event "Titled Tuesday Blitz April 25 Early 2023"]
[White "Bashkansky, Ethan"]
[Black "Melikhov, Evgeny V."]
[WhiteFideId "2071533"]
[BlackFideId "4122046"]
[WhiteElo "2302"]
[BlackElo "2158"]
[Result "1-0"]
[Round "07"]
[TimeControl "180+2"]
[Date "2023.04.25"]
[WhiteClock "0:00:38"]
[BlackClock "0:01:03"]

1. d4 Nf6 2. c4 e6 3. Nc3 Bb4 4. Qc2 c5 5. dxc5 O-O 6. Nf3 Bxc5 7. Bg5 Be7 8. e3 b6 9. Bd3 h6 10. Bh4 Bb7 11. O-O d6 12. Kh1 Nbd7 13. b3 a6 14. Rac1 Nh5 15. Bxe7 Qxe7 16. Be4 Bxe4 17. Nxe4 Nhf6 18. Rfd1 Nxe4 19. Qxe4 Rac8 20. Qd4 Rc6 21. h3 Rfc8 22. Qd2 Nf6 23. Nd4 R6c7 24. Qe1 Ne8 25. Ne2 Qd7 26. Rc3 b5 27. cxb5 axb5 28. Rcd3 Rc2 29. R3d2 Qc6 30. Nd4 Qe4 31. Nxc2 Rxc2 32. Rxc2 Qxc2 33. Qd2 Qc5 34. Qd4 Qc2 35. Qd2 Qc5 36. b4 Qc4 37. Rc1 Qe4 38. Rc8 1-0


[Site "https://www.chess.com"]

[Event "Titled Tuesday Blitz April 25 Early 2023"]
[White "Kielinkei"]
[Black "Albuquerque Junior,Wellington S."]
[BlackFideId "2151480"]
[WhiteElo "2422"]
[BlackElo "2109"]
[Result "1-0"]
[Round "07"]
[TimeControl "180+2"]
[Date "2023.04.25"]
[WhiteClock "0:01:02"]
[BlackClock "0:00:02"]

1. e4 c5 2. a3 g6 3. Nc3 Bg7 4. Bc4 e6 5. d3 Ne7 6. Ba2 b6 7. h4 h5 8. Bg5 Nbc6 9. Nge2 Bb7 10. O-O O-O 11. Qd2 Rc8 12. Bh6 Nd4 13. Bxg7 Kxg7 14. Nxd4 cxd4 15. Ne2 d5 16. Nxd4 dxe4 17. dxe4 e5 18. Nf3 Qxd2 19. Nxd2 Rxc2 20. Nc4 Ba6 21. Rfc1 Rxc1+ 22. Rxc1 Rc8 23. Rc2 f6 24. Rc3 b5 25. Nd6 Rxc3 26. bxc3 Nc8 27. Ne8+ Kf8 28. Nxf6 Ke7 29. Nd5+ Kd6 30. f3 Bb7 31. g4 Bxd5 32. Bxd5 Ne7 33. Bf7 hxg4 34. fxg4 a5 35. h5 gxh5 36. gxh5 1-0


[Site "https://www.chess.com"]

[Event "Titled Tuesday Blitz April 25 Early 2023"]
[White "Blokhin, Sofia"]
[Black "Zhukova, Natalia"]
[WhiteFideId "4508190"]
[BlackFideId "14101513"]
[WhiteElo "1994"]
[BlackElo "2297"]
[Result "1/2-1/2"]
[Round "07"]
[TimeControl "180+2"]
[Date "2023.04.25"]
[WhiteClock "0:00:06"]
[BlackClock "0:00:15"]

1. d4 Nf6 2. c4 c5 3. d5 b5 4. cxb5 a6 5. bxa6 g6 6. Nc3 Bg7 7. e4 O-O 8. Nf3 Qa5 9. Bd3 Nxd5 10. exd5 Bxc3+ 11. bxc3 Qxc3+ 12. Qd2 Qxa1 13. O-O Bxa6 14. Bb2 Qxa2 15. Qc3 f6 16. Ra1 Qxd5 17. Rxa6 Nxa6 18. Bc4 Nc7 19. Bxd5+ Nxd5 20. Qxc5 e6 21. h3 Ra2 22. Bd4 Nf4 23. Kh2 Raa8 24. Qd6 e5 25. Bc5 Rf7 26. Nd2 Re8 27. Ne4 Re6 28. Qb8+ Kg7 29. Nd6 Rfe7 30. Qd8 Nd5 31. h4 h5 32. Qa5 Nf4 33. Qd8 Nd5 34. Qa8 Nf4 35. Qd8 Nd5 1/2-1/2


[Site "https://www.chess.com"]

[Event "Titled Tuesday Blitz April 25 Early 2023"]
[White "Fierz, Martin"]
[Black "Omariev, Maksim"]
[WhiteFideId "1302132"]
[BlackFideId "4193423"]
[WhiteElo "2295"]
[BlackElo "2414"]
[Result "0-1"]
[Round "07"]
[TimeControl "180+2"]
[Date "2023.04.25"]
[WhiteClock "0:00:14"]
[BlackClock "0:00:46"]

1. e4 h5 2. d4 h4 3. Nc3 d6 4. Bc4 h3 5. Nxh3 Bxh3 6. gxh3 Nc6 7. Be3 Qd7 8. Qf3 Nf6 9. Nd5 O-O-O 10. Nxf6 exf6 11. O-O-O Rxh3 12. Qg2 Kb8 13. Bxf7 Rxe3 14. fxe3 Qxf7 15. Kb1 Re8 16. h4 Qe7 17. e5 dxe5 18. d5 Nd8 19. h5 Nf7 20. c4 Rd8 21. e4 Qb4 22. Rc1 Ng5 23. a3 Qb6 24. Qe2 Bxa3 25. h6 gxh6 26. Rxh6 Bc5 27. Rf1 Rf8 28. Kc2 a5 29. Qh2 a4 30. Rh8 Nxe4 31. Rxf8+ Bxf8 32. Qh8 Qb3+ 33. Kb1 Nd2+ 0-1


[Site "https://www.chess.com"]

[Event "Titled Tuesday Blitz April 25 Early 2023"]
[White "Harriott, Tyrell"]
[Black "Barwinska, Ewa"]
[WhiteFideId "2086484"]
[BlackFideId "21833761"]
[WhiteElo "2107"]
[BlackElo "1908"]
[Result "1-0"]
[Round "07"]
[TimeControl "180+2"]
[Date "2023.04.25"]
[WhiteClock "0:00:20"]
[BlackClock "0:00:01"]

1. d4 Nf6 2. e3 c5 3. c3 d5 4. Bd3 Nc6 5. f4 e6 6. Nf3 Be7 7. Nbd2 O-O 8. O-O c4 9. Bc2 b5 10. a3 Ng4 11. Qe2 f5 12. Ne5 Ncxe5 13. dxe5 Bc5 14. Nf3 Qb6 15. Nd4 Bxd4 16. exd4 a5 17. Bd2 Bd7 18. Kh1 b4 19. axb4 axb4 20. Rxa8 Rxa8 21. h3 Nh6 22. cxb4 Qxd4 23. Bc3 Qb6 24. Qd2 Nf7 25. Bd4 Qb7 26. g4 fxg4 27. hxg4 Nh6 28. f5 exf5 29. gxf5 Rf8 30. f6 Bh3 31. Rf3 Bg4 32. Rg3 Qd7 33. Qg5 Kh8 34. b5 Rg8 35. b6 Nf7 36. Qxg4 Qxg4 37. Rxg4 Nh6 38. Rg3 g6 39. e6 1-0


[Site "https://www.chess.com"]

[Event "Titled Tuesday Blitz April 25 Early 2023"]
[White "Koutsin, Sergey"]
[Black "Bekkedahl, Zachary"]
[WhiteFideId "14101483"]
[BlackFideId "2069156"]
[WhiteElo "2381"]
[BlackElo "1943"]
[Result "1-0"]
[Round "07"]
[TimeControl "180+2"]
[Date "2023.04.25"]
[WhiteClock "0:00:20"]
[BlackClock "0:01:02"]

1. d4 Nf6 2. c4 g6 3. Nc3 Bg7 4. e4 d6 5. Nf3 O-O 6. Be2 e5 7. O-O exd4 8. Nxd4 Nc6 9. Be3 Re8 10. f3 Nd7 11. Nxc6 bxc6 12. Qd2 Ne5 13. c5 dxc5 14. Qxd8 Rxd8 15. Bxc5 Rd2 16. Rfd1 Rxd1+ 17. Rxd1 Be6 18. f4 Nd7 19. Bd4 Bxd4+ 20. Rxd4 Rb8 21. b3 c5 22. Ra4 Rb7 23. Ra5 f6 24. Bb5 Nb8 25. Na4 c6 26. Nxc5 Re7 27. Nxe6 Rxe6 28. Bc4 Kf7 29. Rxa7+ 1-0


[Site "https://www.chess.com"]